Map: Fields of Death

Players

TheMaceRunes

  • Race: Terran Terran

OlegVin

  • Race: Protoss Protoss

vanilla - Winner!

  • Race: Zerg Zerg

Gracz - Winner!

  • Race: Protoss Protoss

VOD

Have the link to the VOD?

Description

Time

  • Played on: May 3, 2016, 10:49 a.m.
  • Length: 11:00
Show
View Real Time Build Order
Export as new Build Order

TheMaceRunes Terran 

Build Orders:  

Get SALT Encoding   

Show
View Real Time Build Order
Export as new Build Order

OlegVin Protoss 

Build Orders:  

Get SALT Encoding   

  13  0:07  Probe (Chrono Boost)  
  13  0:23  Pylon  
  13  0:25  Probe (Chrono Boost)  
  14  0:36  Probe (Chrono Boost)  
  15  0:44  Gateway  
  15  0:46  Probe (Chrono Boost)  
  17  0:57  Probe (Chrono Boost)  
  17  0:59  Forge  
  17  1:07  Probe (Chrono Boost)  
  18  1:12  Assimilator  
  18  1:14  Assimilator  
  18  1:27  Gateway  
  18  1:31  Pylon  
  18  1:40  Pylon  
  18  1:45  Probe (Chrono Boost)  
  19  1:55  Probe (Chrono Boost), Cybernetics Core  
  20  2:11  Gateway  
  20  2:19  Photon Cannon  
  20  2:24  Pylon  
  20  2:33  Pylon  
  20  2:42  Stalker  
  20  2:43  Stalker  
  24  2:58  Photon Cannon  
  24  3:11  Photon Cannon  
  24  3:16  Photon Cannon  
  24  3:27  Photon Cannon  
  24  3:38  Photon Cannon  
  24  3:44  Pylon  
  24  3:50  Probe (Chrono Boost)  
  25  4:00  Probe (Chrono Boost)  
  26  4:07  Photon Cannon  
  26  4:11  Probe (Chrono Boost)  
  26  4:14  Photon Cannon  
  27  4:23  Pylon  
  24  5:08  Stalker  
  24  5:11  Stalker  
  26  5:21  Probe (Chrono Boost)  
  27  5:38  Stalker  
  27  5:39  Stalker  
  27  5:41  Stalker  
  33  5:59  Pylon  
  33  6:03  Pylon  
  33  6:08  Pylon, Stalker x2  
  37  6:11  Stalker  
  39  6:21  Photon Cannon  
  39  6:26  Photon Cannon  
  39  6:34  Photon Cannon  
  39  6:37  Photon Cannon  
  39  6:38  Stalker  
  41  6:42  Photon Cannon  
  41  6:44  Photon Cannon  
  41  6:48  Photon Cannon  
  41  6:58  Pylon  
  41  7:01  Pylon  
  41  7:04  Pylon  
  41  7:07  Pylon  
  41  7:08  Stalker  
  41  7:12  Nexus  
  43  7:16  Assimilator  
  43  7:20  Assimilator  
  43  7:27  Photon Cannon  
  43  7:28  Photon Cannon  
  43  7:33  Photon Cannon  
  43  7:35  Photon Cannon  
  19  8:28  Probe (Chrono Boost)  
  19  8:34  Probe (Chrono Boost)  
  21  8:38  Probe (Chrono Boost)  
  22  8:44  Probe (Chrono Boost)  
  22  8:45  Pylon  
  23  8:49  Pylon, Probe (Chrono Boost)  
  23  8:55  Probe (Chrono Boost)  
  25  8:59  Probe (Chrono Boost)  
  26  9:05  Probe (Chrono Boost)  
  26  9:08  Photon Cannon  
  27  9:10  Probe (Chrono Boost), Photon Cannon  
  27  9:13  Photon Cannon  
  27  9:15  Photon Cannon  
  27  9:16  Probe (Chrono Boost)  
  29  9:19  Photon Cannon  
  29  9:21  Photon Cannon  
  29  9:27  Photon Cannon  
  29  9:30  Probe (Chrono Boost)  
  30  9:35  Probe (Chrono Boost)  
  31  9:40  Probe (Chrono Boost)  
  32  9:46  Probe (Chrono Boost)  
  32  9:51  Probe (Chrono Boost)  
  34  9:56  Probe (Chrono Boost)  
  35  10:02  Probe (Chrono Boost)  
  37  10:07  Probe (Chrono Boost)  
  37  10:12  Probe (Chrono Boost)  
  38  10:14  Stalker x2  
  42  10:23  Probe (Chrono Boost)  
  43  10:33  Probe (Chrono Boost)  
  40  10:44  Probe (Chrono Boost)  
  41  10:56  Pylon  
Show
View Real Time Build Order
Export as new Build Order

vanilla Zerg - Winner!

Build Orders: Hatch First, Muta Ling Bane 

Get SALT Encoding   

  12  0:01  Drone  
  13  0:13  Drone  
  14  0:18  Overlord  
  14  0:26  Extractor, Drone  
  15  0:36  Drone x2  
  17  0:54  Hatchery  
  16  1:02  Extractor  
  15  1:12  Spawning Pool, Drone  
  15  1:18  Drone  
  15  1:20  Drone  
  17  1:27  Drone  
  18  1:44  Drone  
  18  1:45  Overlord  
  19  2:02  Queen  
  19  2:04  Zergling x2  
  19  2:07  Queen  
  24  2:09  Metabolic Boost  
  24  2:13  Zergling x2  
  25  2:15  Zergling x2  
  26  2:25  Drone x2  
  26  2:29  Drone x2  
  30  2:47  Queen  
  30  2:50  Drone  
  30  2:51  Drone x2  
  35  2:52  Drone  
  36  3:03  Overlord  
  36  3:23  Zergling x4  
  36  3:24  Zergling x12  
  43  3:31  Overlord  
  43  3:40  Overlord  
  43  3:50  Lair  
  43  3:51  Drone x2  
  43  3:52  Drone x2  
  43  3:53  Drone  
  48  3:57  Drone x3  
  51  4:03  Extractor  
  51  4:04  Extractor  
  51  4:05  Zergling x2  
  50  4:11  Drone  
  50  4:12  Zergling x2  
  50  4:15  Extractor  
  51  4:19  Drone, Spore Crawler  
  51  4:20  Drone  
  52  4:25  Drone, Overlord  
  52  4:26  Drone  
  51  4:53  Overlord  
  51  4:54  Drone x5  
  51  4:55  Drone x3  
  59  5:10  Spire  
  57  5:17  Hatchery  
  56  5:26  Overlord  
  55  5:49  Overlord x3  
  55  6:02  Overlord  
  55  6:15  Hatchery  
  54  6:21  Mutalisk  
  54  6:22  Mutalisk x9  
  54  6:25  Drone x6  
  80  6:36  Evolution Chamber  
  80  6:38  Zergling x4  
  80  6:39  Evolution Chamber, Zergling x4  
  82  6:43  Zerg Flyer Weapons Level 1  
  82  6:44  Queen  
  82  6:45  Drone x3  
  87  7:03  Zerg Melee Weapons Level 1  
  87  7:04  Drone x4  
  87  7:05  Overseer  
  87  7:07  Zerg Ground Armor Level 1  
  91  7:09  Drone x4  
  91  7:10  Drone  
  91  7:13  Extractor  
  91  7:14  Extractor  
  94  7:20  Zergling x12  
  100  7:26  Baneling Nest  
  99  7:43  Overlord  
  99  7:49  Mutalisk x2  
  99  7:50  Mutalisk x3  
  109  7:52  Zergling x2  
  109  7:53  Zergling x16  
  118  8:04  Drone x2  
  118  8:05  Zergling x4  
  122  8:25  Mutalisk x6  
  122  8:27  Zergling x4  
  136  8:28  Overlord  
  136  8:40  Overlord  
  136  8:43  Centrifical Hooks  
  136  8:46  Pneumatized Carapace  
  137  8:48  Zergling x2  
  137  8:49  Zergling x14  
  137  8:50  Overlord x2  
  144  8:56  Overlord  
  144  9:01  Zergling x6, Overlord  
  147  9:09  Drone x5  
  152  9:18  Overlord  
  152  9:27  Overlord  
  152  9:28  Mutalisk  
  156  9:33  Baneling x8  
  156  9:34  Baneling  
  156  9:39  Zergling x8  
  160  9:47  Extractor, Drone x5  
  160  9:48  Extractor  
  160  9:51  Queen  
  165  9:54  Baneling x4  
  165  9:55  Baneling x2  
  165  9:56  Baneling  
  165  10:02  Baneling  
  165  10:03  Baneling x14  
  165  10:04  Zergling x4  
  165  10:05  Zergling x2  
  166  10:14  Drone  
  166  10:15  Drone  
  166  10:16  Zergling x12  
  174  10:23  Drone x2  
  174  10:24  Zergling x6  
  174  10:28  Zergling x6  
  181  10:31  Mutalisk  
  184  10:37  Zergling x2  
  184  10:41  Zergling x4  
  184  10:42  Zergling x4  
Show
View Real Time Build Order
Export as new Build Order

Gracz Protoss - Winner!

Build Orders:  

Get SALT Encoding   

  12  0:02  Probe (Chrono Boost)  
  13  0:15  Pylon  
  13  0:21  Assimilator  
  13  0:24  Probe (Chrono Boost)  
  14  0:35  Probe (Chrono Boost)  
  15  0:53  Gateway  
  15  1:00  Probe (Chrono Boost)  
  16  1:05  Pylon  
  16  1:09  Assimilator  
  16  1:11  Probe (Chrono Boost)  
  17  1:21  Probe (Chrono Boost)  
  18  1:40  Probe (Chrono Boost)  
  18  1:45  Cybernetics Core  
  19  1:50  Probe (Chrono Boost)  
  20  2:24  Warp Gate (Chrono Boost)  
  20  2:34  Stargate  
  20  2:36  Stargate  
  20  2:53  Stargate  
  20  3:19  Stargate  
  20  3:36  Mothership Core  
  22  3:45  Forge  
  22  3:51  Nexus  
  22  3:57  Probe  
  23  4:16  Fleet Beacon  
  23  4:24  Pylon  
  23  4:28  Pylon  
  23  4:31  Assimilator  
  23  4:35  Assimilator  
  23  4:46  Photon Cannon  
  23  4:48  Photon Cannon  
  23  4:52  Photon Cannon  
  23  5:06  Probe  
  24  5:17  Probe  
  25  5:27  Probe  
  26  5:36  Void Ray (Chrono Boost)  
  30  5:43  Probe  
  31  5:54  Probe  
  32  6:04  Probe  
  33  6:13  Void Ray (Chrono Boost)  
  37  6:20  Probe  
  37  6:22  Probe  
  39  6:30  Probe  
  40  6:34  Probe  
  40  6:36  Protoss Air Weapons Level 1  
  41  6:41  Probe  
  42  6:59  Void Ray (Chrono Boost)  
  50  7:04  Void Ray (Chrono Boost)  
  60  7:34  Void Ray (Chrono Boost)  
  60  8:28  Void Ray (Chrono Boost)  
  60  9:15  Pylon  
  60  9:19  Pylon  
  60  9:23  Pylon  
  60  9:26  Pylon  
  60  9:31  Pylon  
  60  9:37  Void Ray x2 (Chrono Boost)  
  76  9:38  Pylon  
  76  9:39  Void Ray x2 (Chrono Boost)  
  80  10:14  Void Ray x2 (Chrono Boost)  
  92  10:22  Void Ray x2 (Chrono Boost)  
Tags
 
Add a new tag
Caveats
  • Supply blocks, unpowered buildings, or Contaminate may cause inaccurate times.
  • Supply counts are checked every 10 seconds.